 Dungeon Crawl Stone Soup version 0.30-a0-824-g6c64550be9 (webtiles) character file.

Game seed: 5504223238280617630

13498 cforsyth the Covert (level 12, -15/106 HPs)
             Began as a Kobold Brigand on Feb 28, 2023.
             Was a Priest of Hepliaklqana.
             Demolished by a minotaur
             ... wielding a +1 halberd of flaming
              (26 damage)
             ... in a Gauntlet.
             The game lasted 00:21:38 (14271 turns).

cforsyth the Covert (Kobold Brigand)               Turns: 14271, Time: 00:21:38

Health: -15/106    AC:  8    Str:  3    XL:     12   Next: 33%
Magic:  12/12      EV: 25    Int: 21    God:    Hepliaklqana [***...]
Gold:   652        SH:  0    Dex: 24    Spells: 11/11 levels left

rFire   + . .      SeeInvis .    D - +0 rapier (speed)
rCold   + + +      Faith    .    (no shield)
rNeg    . . .      Spirit   .    b - +0 robe
rPois   .          Reflect  .    u - +1 hat
rElec   .          Harm     .    P - +0 cloak of Hupp {Fly rF+ rC+++ Str-4}
rCorr   .          Rampage  .    t - +0 pair of gloves
Will    +....      NoTele   +    n - +0 pair of boots Stlth
                                 (no amulet)
HPRegen 0.37/turn                f - ring of willpower
MPRegen 0.13/turn                p - +6 ring of dexterity

@: berserking (expiring), flying, very quick
A: reduced essence, small, no large weapons, nightstalker 3, hooves 1,
iridescent scales 1, clever 2
a: Renounce Religion, Recall Ancestor, Ancestor Identity, Transference


You were in a Gauntlet.
You worshipped Hepliaklqana.
Hepliaklqana was most pleased with you.
You visited 2 branches of the dungeon, and saw 12 of its levels.
You also visited: Sewer and Gauntlet.

You collected 764 gold pieces.
You spent 112 gold pieces at shops.

Inventory:

Hand Weapons
 a - a +2 dagger of protection
 v - a +2 dagger of venom
 D - a +0 rapier of speed (weapon)
Missiles
 d - 30 poisoned darts (quivered)
 e - 5 curare-tipped darts
 s - 2 throwing nets
Armour
 b - a +0 robe (worn)
 c - a +0 cloak
 n - a +0 pair of boots (worn)
 t - a +0 pair of gloves (worn)
 u - a +1 hat (worn)
 P - the +0 cloak of Hupp (worn) {Fly rF+ rC+++ Str-4}
   (You found it in a Gauntlet)

   Str:       It affects your strength (-4).
   rF:        It protects you from fire.
   rC:        It renders you almost immune to cold.
   Fly:       It grants you flight.
Jewellery
 f - a ring of willpower (left hand)
 p - a +6 ring of dexterity (right hand)
 x - a ring of see invisible
 B - a ring of resist corrosion
 C - an amulet of guardian spirit
 E - a ring of flight
Wands
 j - a wand of roots (10)
 r - a wand of digging (5)
 z - a wand of quicksilver (21)
 N - a wand of polymorph (10)
Scrolls
 g - a scroll of enchant weapon
 h - 4 scrolls of magic mapping
 l - a scroll of vulnerability
 m - 2 scrolls of brand weapon
 q - 6 scrolls of teleportation
 y - 2 scrolls of fear
 A - 2 scrolls of poison
 F - a scroll of butterflies
 G - 4 scrolls of fog
 H - 3 scrolls of amnesia
 I - 2 scrolls of blinking
 K - a scroll of silence
 M - 2 scrolls of immolation
 O - a scroll of acquirement {unknown}
Potions
 i - 6 potions of attraction
 k - 5 potions of curing
 o - 5 potions of lignification
 w - 3 potions of brilliance


   Skills:
 + Level 10.8 Fighting
 + Level 12.7 Short Blades
 - Level 2.1 Throwing
 + Level 11.5 Dodging
 + Level 14.3 Stealth


You had 11 spell levels left.
You didn't know any spells.
Your spell library contained the following spells:

 Spells                   Type           Power      Damage    Failure   Level
 Inner Flame              Hex/Fire       0%         N/A       47%         3
 Airstrike                Air            0%         2d(0-16)  87%         4
 Flame Wave               Conj/Fire      0%         2d4       87%         4
 Sticky Flame             Conj/Fire      0%         2d3       87%         4
 Summon Lightning Spire   Summ/Air       0%         N/A       87%         4
 Lightning Bolt           Conj/Air       0%         1d11      99%         5


Dungeon Overview and Level Annotations

Branches:
Dungeon (11/15)            Temple (1/1) D:4            Lair (0/5) D:10
  Sewer (visited)         Gauntlet (1/1)
    Orc: D:9-12

Altars:
Ashenzari
Cheibriados
Dithmenos
Elyvilon
Fedhas
Gozag
Hepliaklqana
Kikubaaqudgha
Makhleb
Nemelex Xobeh
Okawaru
Qazlal
Ru
Sif Muna
Trog
Uskayaw
Vehumet
Wu Jian
Xom
Yredelemnul
Zin
The Shining One

Shops:
D:1 (   D:6 !*   D:10 ?

Portals:
Trove: D:11 (give horn of Geryon)

Annotations:
D:4 3 runed translucent doors, arandomgamer's ghost, weakling MfGl
D:7 3 runed translucent doors, Pooter's ghost, novice MiBe Gauntlet 10 transporters, 19 runed translucent doors


Innate Abilities, Weirdness & Mutations

Your life essence is reduced to manifest your ancestor. (-10% HP)
You are small and have problems with some larger weapons.
You are completely attuned to the shadows.
You have large cloven feet.
You are partially covered in iridescent scales. (AC +2)
Your mind is very acute. (Int +8, Str/Dex -2)


Message History

The minotaur hits you with a +1 halberd of flaming!!
* * * LOW HITPOINT WARNING * * *
The minotaur burns you.
* * * LOW HITPOINT WARNING * * *
The minotaur completely misses you.
Unknown command.
You puncture the minotaur! Your punch misses the minotaur.
The minotaur is lightly wounded.
Eanasir gestures at the minotaur while chanting.
The minotaur resists with almost no effort.
Unknown command.
You hit the minotaur but do no damage. You punch the minotaur.
The minotaur is moderately wounded.
You hit the minotaur but do no damage.
The minotaur is moderately wounded.
You barely miss the minotaur.
The minotaur furiously retaliates!
The minotaur headbutts you.
* * * LOW HITPOINT WARNING * * *
The minotaur is moderately wounded.
You puncture the minotaur!
The minotaur is heavily wounded.
The minotaur completely misses you. The minotaur misses you.
You hit the minotaur but do no damage.
The minotaur is heavily wounded.
Eanasir hits the minotaur but does no damage.
Eanasir drains the minotaur.
You hit the minotaur but do no damage.
The minotaur is heavily wounded.
You puncture the minotaur!
The minotaur is severely wounded.
You barely miss the minotaur.
The minotaur furiously retaliates!
The minotaur headbutts you.
* * * LOW HITPOINT WARNING * * *
The minotaur is severely wounded.
Eanasir hits the minotaur but does no damage.
Eanasir drains the minotaur.
You barely miss the minotaur.
The minotaur is almost dead.
The minotaur hits you with a +1 halberd of flaming!!
You die...

.≈#..# ≈.####.8.
≈.#©..... ######
≈.####.8. #....####
..#..#...###.##....#
###..#.8.#.#.#####.#
....≈#...#.#.#⌠.⌠#.#
....∩#.8...#.#.∩HR.#
....≈#...#.#.#⌠.@###
###..#.8.#.#.#####.#
.)#..#...#.#.##....# #
.#####.8.#.#....#R##.#
#^#©.....#.######....#
..####.8.#........####
.##..#.§.##########
#.#..#§8≈# ^.#..#####


You could see the friendly Eanasir the hexer and a minotaur (drained, ally
target).

Vanquished Creatures
  Erolcha (D:9)
  A centaur warrior (D:9)
  A two-headed ogre (D:10)
  A death drake (Gauntlet)
  A cyclops (D:9)
  2 spectral centaurs (Gauntlet)
  A deep elf pyromancer (D:9)
  An ice statue (Gauntlet)
  2 centaur zombies (Gauntlet)
  A gargoyle (D:10)
  A rime drake (Gauntlet)
  Prince Ribbit (D:6)
  Grinder (D:6)
  A raiju (Gauntlet)
  A shadow (D:10)
  6 yaks
  A wraith (D:11)
  A wyvern (D:10)
  Menkaure (D:6)
  2 steam dragons
  3 water moccasins
  4 orc warriors
  3 ogres
  A sky beast (D:7)
  6 centaurs
  2 phantoms
  2 kobold brigands (D:9)
  4 bullfrogs
  A gnoll sergeant (D:9)
  6 necrophages
  A scorpion (D:6)
  7 wights
  11 killer bees
  A howler monkey (D:8)
  An electric eel (D:6)
  7 crimson imps (D:8)
  A hound (D:6)
  A jelly (D:7)
  10 orc priests
  A gnoll bouda (D:7)
  An iguana (D:4)
  Ijyb (D:3)
  14 orc wizards
  A hell rat (Sewer)
  11 gnolls
  13 adders
  2 river rats (Sewer)
  A shadow imp (D:5)
  2 white imps
  An ufetubus (D:6)
  4 worms
  A dart slug (D:2)
  44 orcs
  6 ball pythons
  4 endoplasms
  6 giant cockroaches
  6 goblins
  6 hobgoblins
  9 jackals
  16 kobolds
  5 quokkas
  4 bats
  4 frilled lizards
  13 rats
276 creatures vanquished.

Vanquished Creatures (collateral kills)
  A hornet (D:10)
  3 yaks (D:11)
  An orc warrior (D:9)
  3 wights (D:10)
  A killer bee (D:8)
  A howler monkey (D:10)
  A crimson imp (D:8)
  3 orcs
  2 kobolds (D:9)
16 creatures vanquished.

Vanquished Creatures (others)
  Eustachio (D:5)
  4 fungi (D:1)
  7 plants (D:1)
  14 withered plants (Gauntlet)
26 creatures vanquished.

Grand Total: 318 creatures vanquished

Notes
Turn   | Place    | Note
-------+----------+-------------------------------------------
     0 | D:1      | cforsyth the Kobold Brigand began the quest for the Orb.
     0 | D:1      | Reached XP level 1. HP: 12/12 MP: 1/1
   110 | D:1      | Reached XP level 2. HP: 18/18 MP: 2/2
   473 | D:1      | Found Rimihin's Antique Weapon Emporium.
   664 | D:1      | Reached XP level 3. HP: 19/22 MP: 3/3
   728 | D:1      | Found a faded altar of an unknown god.
  1095 | D:2      | Reached XP level 4. HP: 27/27 MP: 4/4
  1296 | D:2      | Reached skill level 6 in Stealth
  1837 | D:3      | Reached XP level 5. HP: 32/32 MP: 5/5
  2060 | D:3      | Noticed Ijyb
  2064 | D:3      | Killed Ijyb
  2065 | D:3      | Reached XP level 6. HP: 37/37 MP: 6/6
  2766 | D:1      | Bought a runed rapier for 112 gold pieces
  2957 | D:4      | Found a runed translucent gate.
  2958 | D:4      | Found a runed translucent gate.
  3009 | D:4      | You fall into a shaft and drop 1 floor!
  3009 | D:5      | Entered Level 5 of the Dungeon
  3122 | D:5      | Reached skill level 5 in Short Blades
  3122 | D:5      | Reached skill level 7 in Stealth
  3134 | D:5      | Reached XP level 7. HP: 43/43 MP: 7/7
  3364 | D:5      | Reached XP level 8. HP: 40/48 MP: 8/8
  3438 | D:5      | Reached skill level 5 in Fighting
  3438 | D:5      | Reached skill level 5 in Dodging
  3438 | D:5      | Reached skill level 8 in Stealth
  3910 | D:4      | Found a staircase to the Ecumenical Temple.
  3933 | Temple   | Entered the Ecumenical Temple
  3947 | Temple   | Became a worshipper of Hepliaklqana the Forgotten
  4235 | D:4      | Found a runed translucent gate.
  4446 | D:4      | Noticed arandomgamer's ghost (weakling MfGl)
  4585 | D:5      | Noticed Eustachio
  4617 | D:5      | Killed Eustachio
  5499 | D:6      | Reached skill level 9 in Stealth
  5513 | D:6      | Reached XP level 9. HP: 55/55 MP: 9/9
  5515 | D:6      | Found Zush's Distillery.
  5544 | D:6      | Found a glowing drain.
  5558 | Sewer    | Entered a sewer
  5645 | Sewer    | Gained mutation: Your spells are a little harder to cast,
                  | but a little more powerful. [potion of mutation]
  5645 | Sewer    | Gained mutation: A frigid envelope surrounds you and
                  | freezes all who hurt you. [potion of mutation]
  5645 | Sewer    | Gained mutation: You are occasionally teleported next to
                  | monsters. [potion of mutation]
  6260 | D:6      | Found Uxoin's Elemental Accessories.
  6344 | D:6      | Noticed Prince Ribbit
  6354 | D:6      | Killed Prince Ribbit
  6530 | D:6      | Noticed Grinder
  6602 | D:6      | Noticed Menkaure
  6611 | D:6      | Killed Menkaure
  6612 | D:6      | Reached skill level 10 in Stealth
  6759 | D:6      | Reached * piety under Hepliaklqana
  6775 | D:6      | Killed Grinder
  7806 | D:7      | Reached XP level 10. HP: 63/63 MP: 10/10
  8355 | D:7      | Reached skill level 11 in Stealth
  8650 | D:7      | Found a runed translucent gate.
  8652 | D:7      | Found a runed translucent gate.
  8653 | D:7      | Found a runed translucent gate.
  8820 | D:7      | Noticed Pooter's ghost (novice MiBe)
  8828 | D:7      | Identified the +1 plate armour "Gaecw" {Int+4}
  9459 | D:8      | Reached skill level 10 in Short Blades
  9568 | D:8      | Reached ** piety under Hepliaklqana
  9569 | D:8      | Remembered your ancestor Eanasir as a hexer
  9648 | D:8      | Identified the +7 hand axe of the Dungeon {freeze, Str+3}
  9839 | D:9      | Reached skill level 12 in Stealth
 10329 | D:9      | Noticed Erolcha
 10331 | D:9      | Killed Erolcha
 10332 | D:9      | Reached XP level 11. HP: 63/63 MP: 11/11
 10570 | D:9      | Noticed a centaur warrior
 10585 | D:9      | Killed a centaur warrior
 10707 | D:9      | Noticed a deep elf pyromancer
 10711 | D:9      | Killed a deep elf pyromancer
 10712 | D:9      | Reached skill level 10 in Dodging
 10886 | D:9      | Noticed a cyclops
 10888 | D:9      | Identified the +6 quarterstaff of Evisceration {drain,
                  | *Corrode rPois rC+ rN+}
 10889 | D:9      | Killed a cyclops
 11229 | D:10     | Entered Level 10 of the Dungeon
 11355 | D:10     | Found a bloodstained altar of Trog.
 11355 | D:10     | Found a blossoming altar of Fedhas.
 11409 | D:10     | Found a shimmering blue altar of Sif Muna.
 11415 | D:10     | Found a shadowy altar of Dithmenos.
 11416 | D:10     | Found a snail-covered altar of Cheibriados.
 11419 | D:10     | Found an ancient bone altar of Kikubaaqudgha.
 11500 | D:10     | Reached skill level 13 in Stealth
 11514 | D:10     | Noticed a two-headed ogre
 11529 | D:10     | Killed a two-headed ogre
 11612 | D:10     | Lost mutation: You are occasionally teleported next to
                  | monsters. [potion of mutation]
 11612 | D:10     | Lost mutation: Your spells are a little harder to cast, but
                  | a little more powerful. [potion of mutation]
 11612 | D:10     | Lost mutation: A frigid envelope surrounds you and freezes
                  | all who hurt you. [potion of mutation]
 11612 | D:10     | Gained mutation: You have large cloven feet. [potion of
                  | mutation]
 11612 | D:10     | Gained mutation: Your mind is acute. (Int +4, Str/Dex -1)
                  | [potion of mutation]
 11612 | D:10     | Gained mutation: Your mind is very acute. (Int +8, Str/Dex
                  | -2) [potion of mutation]
 11612 | D:10     | Gained mutation: You are partially covered in iridescent
                  | scales. (AC +2) [potion of mutation]
 11709 | D:10     | Reached skill level 10 in Fighting
 11852 | D:10     | Found Repum's Magic Scroll Boutique.
 11944 | D:10     | Found a staircase to the Lair.
 12273 | D:11     | Reached *** piety under Hepliaklqana
 12373 | D:11     | Found a portal to a secret trove of treasure.
 12417 | D:11     | Found a gate leading to a gauntlet.
 12428 | Gauntlet | Entered a Gauntlet
 12428 | Gauntlet | Found a transporter.
 12428 | Gauntlet | Found a transporter.
 12428 | Gauntlet | Found a large runed translucent door.
 12428 | Gauntlet | Found a large runed translucent door.
 12429 | Gauntlet | Found a large runed translucent door.
 12429 | Gauntlet | Found a large runed translucent door.
 12437 | Gauntlet | Found a large runed translucent door.
 12437 | Gauntlet | Found a large runed translucent door.
 12437 | Gauntlet | Noticed a worldbinder
 12438 | Gauntlet | Found a large runed translucent door.
 12439 | Gauntlet | Found a transporter.
 12439 | Gauntlet | Found a large runed translucent door.
 12440 | Gauntlet | Found a large runed translucent door.
 12440 | Gauntlet | Found a large runed translucent door.
 12443 | Gauntlet | Noticed a moth of wrath
 12443 | Gauntlet | Noticed a catoblepas
 12470 | Gauntlet | Found a transporter.
 12473 | Gauntlet | Noticed a death drake
 12489 | Gauntlet | Found a transporter.
 12489 | Gauntlet | Found a transporter.
 12519 | Gauntlet | Found a transporter.
 12549 | Gauntlet | Found a transporter.
 12591 | Gauntlet | Found a transporter.
 12599 | Gauntlet | Found a transporter.
 12621 | Gauntlet | Found a transporter.
 12628 | Gauntlet | Found a transporter.
 12699 | Gauntlet | Found a large runed translucent door.
 12699 | Gauntlet | Found a large runed translucent door.
 12700 | Gauntlet | Found a large runed translucent door.
 12701 | Gauntlet | Found a large runed translucent door.
 12702 | Gauntlet | Found a large runed translucent door.
 12702 | Gauntlet | Found a large runed translucent door.
 12711 | Gauntlet | Found a runed translucent gate.
 12712 | Gauntlet | Found a transporter.
 12720 | Gauntlet | Found a transporter.
 12742 | Gauntlet | Found a transporter.
 12749 | Gauntlet | Found a transporter.
 12819 | Gauntlet | Found a runed translucent gate.
 12819 | Gauntlet | Found a runed translucent gate.
 12899 | Gauntlet | Noticed a death drake
 12985 | Gauntlet | Reached XP level 12. HP: 70/70 MP: 12/12
 13098 | Gauntlet | HP: 3/70 [something] (20)]
 13714 | Gauntlet | Reached skill level 14 in Stealth
 13717 | Gauntlet | Identified the +0 cloak of Hupp {Fly rF+ rC+++ Str-4}
 13735 | Gauntlet | Killed a death drake
 14256 | Gauntlet | Noticed a minotaur
 14271 | Gauntlet | Demolished by a minotaur

Illustrated notes

Levels and vault maps discovered:
D:1:      tarquinn_simple_flora_water_b, layout_loops_cross, serial_shops,
          shop_fountains, dreamdust_ecumenical_altar_hidden_monk_grotto
D:2:      layout_loops_ring
D:3:      layout_loops_ring, dk_noncrumbling_3, uniq_ijyb
D:4:      layout_cave_pools, temple_fountains, gammafunk_ghost_split,
          minmay_misc_feat_more_columns
D:5:      minmay_diamond_boxcup, layout_loops_ring, grunt_decor_arrowhead,
          minmay_crystal_water, uniq_eustachio
D:6:      minmay_opposing_rooms, layout_loops_ring, cheibrodos_sewer_entry_bend,
          serial_shops, shop, nicolae_elemental_shop,
          hangedman_decor_clover_reticule, minivault_14, uniq_menkaure,
          uniq_prince_ribbit1, uniq_grinder
D:7:      layout_loops_corners, biasface_ghost_orc_armoury
D:8:      layout_loops_ring, minmay_nine_imps
D:9:      layout_stronghold, wad_mini_maze, uniq_erolcha
D:10:     layout_basic, minmay_overflow_temple_hex, lair_entry_dummy,
          serial_shops, nicolae_shop_temple_entry_statues_fountains
D:11:     layout_long_grid, gauntlet_entry_generic, enter_trove_3
Temple:   lightli_temple_of_artemis
Gauntlet: gammafunk_gauntlet_branching
          [minmay_gauntlet_arena_make_your_own_arena,
          gammafunk_gauntlet_arena_split_diamond, nicolae_gauntlet_arena_blocks,
          gammafunk_gauntlet_arena_grid, nicolae_gauntlet_arena_quarters,
          nicolae_gauntlet_arena_x, nicolae_gauntlet_arena_flowing_pool,
          gammafunk_gauntlet_arena_arrow_garden,
          dreamdust_gauntlet_exit_labyrinth]

Skill      XL: |  1  2  3  4  5  6  7  8  9 10 11 12 |
---------------+-------------------------------------+-----
Short Blades   | 3 4 5 6 7 9 10 12 | 12.7
Dodging        | 2 3 4 6 7 9 10 11 | 11.5
Fighting       | 3 4 6 7 9 10 | 10.8
Stealth        | 6 7 9 10 12 13 14 | 14.3
Throwing       | |  2.1

Action                     |  1- 3 |  4- 6 |  7- 9 | 10-12 || total
---------------------------+-------+-------+-------+-------++-------
  Melee: Dagger            |    90 |    98 |       |       ||   188
         Rapier            |       |    46 |   351 |   528 ||   925
         Punch             |       |     1 |     5 |    10 ||    16
 Invoke: Ancestor Life: He |       |       |       |     1 ||     1
    Use: Scroll            |       |       |     5 |    13 ||    18
         Potion            |       |       |     8 |     5 ||    13
   Stab: Sleeping          |    21 |    24 |    23 |    17 ||    85
         Distracted        |       |     2 |     3 |     8 ||    13
         Confused          |       |       |       |     9 ||     9
 Armour: Robe              |    13 |    18 |    39 |    50 ||   120
         Skin              |       |       |     2 |       ||     2
  Dodge: Dodged            |    43 |    52 |   183 |   321 ||   599

Table legend: (Time is in decaauts)
 A = Elapsed time spent in this place.
 B = Non-inter-level travel time spent in this place.
 C = Inter-level travel time spent in this place.
 D = Time resting spent in this place.
 E = Time spent auto-exploring this place.
 F = Levels seen in this place.
 G = Mean time per level.
                   A        B        C        D        E       F      G
               +--------+--------+--------+--------+--------+-----+--------+
         Total |  13724 |  13314 |    410 |   2821 |   8334 |  14 |  980.3 |
       Dungeon |  11229 |  10850 |    379 |   1331 |   7823 |  11 | 1020.8 |
        Temple |    164 |    133 |     31 |      0 |    123 |   1 |  164.0 |
         Sewer |    550 |    550 |      0 |    446 |     39 |   1 |  550.0 |
      Gauntlet |   1779 |   1779 |      0 |   1044 |    348 |   1 | 1779.0 |
               +--------+--------+--------+--------+--------+-----+--------+

Top non-repeatable levels by time:
Gauntlet: 1779 daAuts
     D:6: 1521 daAuts
     D:5: 1455 daAuts
     D:9: 1420 daAuts
     D:7: 1170 daAuts
    D:10: 968 daAuts
     D:1: 953 daAuts
     D:4: 953 daAuts
     D:2: 915 daAuts
     D:3: 908 daAuts
     D:8: 832 daAuts
   Sewer: 550 daAuts
  Temple: 164 daAuts
    D:11: 128 daAuts
